AoeStats
← Thorfinn

Arabia

508340821Analyzed
1v1 RM · 11d ago on Sep 22, 2026· 49m 14s· 2 players
Game mode
Random Map
Map size
Tiny (2 player)
Population
200
Speed
Normal
Resources
Standard
Victory
Conquest
Starting age
Dark Age
Ending age
Imperial Age
RankedLock teamsTeams togetherTeam positionsShared explorationLock speedFull tech treeHidden civsTurbo modeCheats
Victory
Defeat
🇨🇱 Gurjaras · Chile
745
+14
🇧🇷 Vietnamese · Brazil
711
-14
Daniel
6:03 Loom
10:56 Feudal Age
11:49 Double-Bit Axe
17:29 Fletching
22:23 Castle Age
20:39 Horse Collar
27:51 Padded Archer Armor
28:02 Forging
29:50 Thumb Ring
34:44 Elite Skirmisher
38:20 Treadmill Crane
43:27 Heavy Plow
48:49 Imperial Age
49:13 Wheelbarrow
Thorfinn
11:40 Feudal Age
12:09 Loom
12:17 Double-Bit Axe
18:22 Castle Age
18:09 Padded Archer Armor
18:05 Fletching
18:50 Crossbowman
28:28 Bow Saw
28:00 Horse Collar
33:40 Forging
33:30 Scale Mail Armor
34:58 Stone Mining
35:00 Gold Mining
36:09 Iron Casting
44:22 Imperial Age
43:21 Chain Mail Armor
47:06 Plate Mail Armor
49:02 Wheelbarrow
Connection lost

Rejoining the realm…

Still unreachable

The connection could not be restored.

Session expired

The server has moved on; the page needs a fresh start.